 Dungeon Crawl Stone Soup version 0.25-a0-443-gece2dee8bd (webtiles) character file.

Game seed: 4934876454421470270, levelgen mode: deterministic

1270 asdsagf the Carver (level 8, -1/71 HPs)
             Began as a Minotaur Berserker on Jan 30, 2020.
             Was a Priest of Trog.
             Slain by a sky beast (2 damage)
             ... on level 7 of the Dungeon.
             The game lasted 00:10:58 (5595 turns).

asdsagf the Carver (Minotaur Berserker)             Turns: 5595, Time: 00:10:58

Health: -1/71      AC:  2    Str: 22    XL:     8   Next: 28%
Magic:  7/7        EV: 15    Int:  6    God:    Trog [***...]
Gold:   166        SH:  0    Dex: 14    Spells: 7/7 levels left

rFire    . . .     SeeInvis .   a - +1 falchion
rCold    . . .     Gourm    .   (no shield)
rNeg     . . .     Faith    .   b - +0 animal skin
rPois    .         Spirit   .   (helmet restricted)
rElec    .         Reflect  .   (no cloak)
rCorr    .         Harm     .   (no gloves)
MR       .....                  (no boots)
Stlth    ++........             (no amulet)
HPRegen  0.21/turn              (no ring)
MPRegen  0.10/turn              (no ring)

@: no status effects
A: retaliatory headbutt, horns 2, agile 1, clever 1, wild magic 1
a: Berserk, Trog's Hand, Renounce Religion


You were on level 7 of the Dungeon.
You worshipped Trog.
Trog was most pleased with you.
You were not hungry.

You visited 1 branch of the dungeon, and saw 7 of its levels.

You collected 166 gold pieces.

Inventory:

Hand Weapons
 a - a +1 falchion (weapon)
Armour
 b - a +0 animal skin (worn)
Wands
 o - a wand of scattershot (7)
 p - a wand of disintegration (11)
Scrolls
 j - 2 scrolls of blinking
 l - a scroll of identify
 n - a scroll of teleportation
Potions
 d - a potion of flight {unknown}
 f - 2 potions of agility
 k - a potion of heal wounds {unknown}
Comestibles
 c - 9 rations
 g - 8 chunks of flesh


   Skills:
 + Level 6.5 Fighting
 + Level 9.2 Long Blades
 + Level 2.6 Armour
 + Level 5.4 Dodging
 + Level 2.1 Stealth


You had 7 spell levels left.
You didn't know any spells.
Your spell library was empty.

Dungeon Overview and Level Annotations

Branches:
Dungeon (8/15)             Temple (0/1) D:7
   Lair: D:8-11

Altars:
Hepliaklqana

Shops:
D:4 (

Annotations:
D:7 1 runed translucent door


Innate Abilities, Weirdness & Mutations

You reflexively headbutt those who attack you in melee.
You have a pair of horns on your head.
You are agile. (Dex +2)
Your mind is acute. (Int +2)
Your spells are a little harder to cast, but a little more powerful.


Message History

You miss something. You headbutt something. Something hits you.
Something shocks you.
You miss something. Something hits you. Something shocks you.
You barely miss something. Something hits you. Something shocks you.
You barely miss something. Your headbutt misses something.
Something hits you but does no damage.
You miss something. Something hits you. Something shocks you.
You miss something. You hit something. Something hits you.
Something shocks you.
* * * LOW HITPOINT WARNING * * *
You barely miss something. Something hits you.
* * * LOW HITPOINT WARNING * * *
Something shocks you.
* * * LOW HITPOINT WARNING * * *
You miss something. Something hits you.
* * * LOW HITPOINT WARNING * * *
Something shocks you.
* * * LOW HITPOINT WARNING * * *
You closely miss something. You headbutt something. Something hits you.
You die...

*,,,,,,,,,*,,,,,,,,#...
*,,,,,,...*,,,**,,##...
*,,,***..#*,,,**,,#....
#.,,***..##,,,,,,,#....
#.,,,,....#,,..,,,#....
#..,,,....+....,,,#....
#.!.**#..##...######...
#...###{.##...##...##..
#.....@......##.....##.
#............#...))..#.
#............#..._)....
#............#.......##
*#######...[..##.....###
*,,,,,,#..##...##...##..
*,,,,,,#<.##...'#####...
*,,,,,,#.......#....##'#
*,,,,,,#.......#........


There were no monsters in sight!

Vanquished Creatures
  Edmund (D:6)
  An orc warrior (D:7)
  2 ogres
  A big kobold (D:3)
  2 bullfrogs
  A water moccasin zombie (D:7)
  3 crimson imps
  A jelly (D:6)
  A bullfrog zombie (D:8)
  2 hounds
  2 orc priests
  2 iguanas (D:7)
  3 orc wizards
  A worker ant (D:7)
  A killer bee zombie (D:7)
  7 adders
  A shadow imp (D:6)
  2 oozes
  2 worms
  4 dart slugs
  4 leopard geckos
  6 orcs
  A ball python (D:1)
  A giant cockroach (D:1)
  10 hobgoblins
  5 jackals (D:1)
  13 kobolds
  A quokka (D:3)
  9 bats
  3 frilled lizards
  7 goblins
  5 rats
105 creatures vanquished.

Notes
Turn   | Place    | Note
-------+----------+-------------------------------------------
     0 | D:1      | asdsagf the Minotaur Berserker began the quest for the Orb.
     0 | D:1      | Reached XP level 1. HP: 19/19 MP: 0/0
    84 | D:1      | Reached XP level 2. HP: 27/27 MP: 1/1
   350 | D:1      | Reached skill level 4 in Long Blades
   638 | D:1      | Reached XP level 3. HP: 33/33 MP: 2/2
   926 | D:2      | Reached ** piety under Trog
  1829 | D:2      | Reached XP level 4. HP: 37/41 MP: 3/3
  2132 | D:3      | Reached skill level 5 in Long Blades
  2134 | D:3      | Reached skill level 5 in Fighting
  2254 | D:3      | Reached XP level 5. HP: 44/48 MP: 4/4
  2825 | D:3      | Reached *** piety under Trog
  2864 | D:3      | Reached skill level 6 in Long Blades
  2864 | D:3      | Reached XP level 6. HP: 43/56 MP: 5/5
  3124 | D:4      | Found Sayp's Weapon Emporium.
  3140 | D:4      | You fall into a shaft and drop 3 floors!
  3144 | D:7      | Noticed an orc warrior
  3160 | D:7      | Killed an orc warrior
  3165 | D:7      | Reached skill level 1 in Stealth
  3450 | D:7      | Reached skill level 7 in Long Blades
  3729 | D:7      | Reached XP level 7. HP: 18/62 MP: 6/6
  4269 | D:6      | Reached skill level 8 in Long Blades
  4490 | D:6      | Noticed Edmund
  4503 | D:6      | HP: 1/63 [Edmund/+1 vorpal dire flail (3)]
  4504 | D:6      | Killed Edmund
  4507 | D:6      | Gained mutation: Your mind is acute. (Int +2) [potion of
                  | mutation]
  4507 | D:6      | Gained mutation: You are agile. (Dex +2) [potion of
                  | mutation]
  4507 | D:6      | Gained mutation: Your spells are a little harder to cast,
                  | but a little more powerful. [potion of mutation]
  4976 | D:6      | You fall into a shaft and drop 2 floors!
  5032 | D:8      | Reached skill level 5 in Dodging
  5089 | D:8      | Reached XP level 8. HP: 55/70 MP: 7/7
  5151 | D:7      | Reached skill level 9 in Long Blades
  5215 | D:7      | Found a staircase to the Ecumenical Temple.
  5336 | D:7      | Found a runed translucent door.
  5441 | D:7      | Found a hazy altar of Hepliaklqana.
  5594 | D:7      | HP: 1/71 [something (6)]
  5595 | D:7      | Slain by a sky beast

Levels and vault maps discovered:
D:1:      dpeg_arrival_court, layout_loops_ring, minivault_23
D:2:      layout_loops_ring, first_ration, minmay_misc_feat_diagonals
D:3:      cheibrodos_thug_alley, layout_basic
D:4:      layout_layer_cave, serial_shops, shop_statue, minivault_26,
          kennysheep_generic_room_5
D:6:      layout_basic, grunt_gozag_statues, minitemple,
          chequers_serial_rivers_micro_c, uniq_edmund, uniq_maggie
D:7:      layout_gridville, lemuel_round_altar, amethyst_overflow_temple_binary,
          minmay_temple_entry_statues_pillars, lightli_church_of_beogh
D:8:      layout_basic, special_room [special_room_orc],
          serial_co_window_serial, co_window_corner_a,
          co_window_of_opportunity_a, co_window_paths_b, co_window_paths_a,
          co_window_paths_a, co_window_2corner, co_window_2corner,
          co_window_of_opportunity_b, co_window_of_opportunity_c,
          co_window_broadway_c, co_window_unsneaky_path_a, glass_columns_a,
          glass_columns_a, glass_columns_a, glass_columns_b

Skill      XL: |  1  2  3  4  5  6  7  8 |
---------------+-------------------------+-----
Fighting       | 4 5 6 |  6.5
Long Blades    | 4 5 6 7 8 9 |  9.2
Dodging        | 3 5 |  5.4
Stealth        | 1 2 |  2.1
Armour         | |  2.6

Action                   |  1- 3 |  4- 6 |  7- 9 || total
-------------------------+-------+-------+-------++-------
Melee: Falchion          |    83 |   118 |    86 ||   287
       Headbutt          |    15 |    21 |    28 ||    64
Invok: Berserk           |       |     2 |       ||     2
  Use: Scroll            |     5 |     4 |     3 ||    12
       Potion            |       |       |     4 ||     4
 Stab: Sleeping          |       |     1 |       ||     1
  Eat: Chunk             |     3 |     8 |     2 ||    13
       Ration            |       |       |     1 ||     1
Armor: Animal skin       |    14 |    12 |     4 ||    30
Dodge: Dodged            |    56 |    69 |    46 ||   171
       Rpst.: Falchion   |    14 |    25 |    16 ||    55

Table legend:
 A = Non-vault XP
 B = Vault XP
 C = Vault XP percentage of total XP
 D = Non-vault monster count
 E = Vault monster count
 F = Vault count percentage of total count
                 A         B        C        D         E       F
            +---------+---------+-------+---------+---------+-------
      Total |    1525 |     290 |  16.0 |      92 |      13 |  12.4
            +---------+---------+-------+---------+---------+-------
        D:1 |      52 |       0 |   0.0 |      25 |       0 |   0.0
        D:2 |      45 |       0 |   0.0 |      15 |       0 |   0.0
        D:3 |     170 |     119 |  41.2 |      24 |      12 |  33.3
        D:6 |     256 |     171 |  40.0 |       6 |       1 |  14.3
        D:7 |     660 |       0 |   0.0 |      17 |       0 |   0.0
        D:8 |     342 |       0 |   0.0 |       5 |       0 |   0.0
            +---------+---------+-------+---------+---------+-------
